[Event "WA State Championship"]
[Site "Legacy House, South Perth"]
[Date "2006.07.30"]
[Round "5"]
[White "Jones, N"]
[Black "Sainsbury, G"]
[Result "1-0"]
[WhiteElo "1362"]
[BlackElo "1242"]
[ECO "B23"]
[EventDate "2006.07.02"]
[TimeControl "5400+60"]

1.e4 c5 2.Nc3 d6 3.f4 Nf6 4.Bc4 Bg4 5.Nf3 Nc6 6.d3 Nd4 7.Be3 Nxf3+ 8.gxf3 
Bh5 9.f5 a6 10.Nd5 Nxd5 11.Bxd5 Qc7 12.Qe2 Qd7 13.d4 Rc8 14.dxc5 dxc5 15.
O-O-O Qc7 16.Qd2 Rd8 17.Bf4 Qc8 18.Qa5 Rd7 19.Bb3 b5 20.Rxd7 Kxd7 21.Rd1+ 
Ke8 22.Bd5 e5 23.Bxe5 Be7 24.Bxg7 Rg8 25.f6 Bxf3 26.Qb6 Bxd1 27.Bc6+ Qxc6 
28.Qxc6+ Kd8 29.fxe7+ Kxe7 30.Bf6+ Kf8 31.Qc8# 1-0

[Event "WA State Championship"]
[Site "Legacy House, South Perth"]
[Date "2006.07.30"]
[Round "5"]
[White "Williams, W"]
[Black "Johnstone, R"]
[Result "0-1"]
[WhiteElo "640"]
[BlackElo "1666"]
[ECO "C50"]
[EventDate "2006.07.02"]
[TimeControl "5400+60"]

1.e4 e5 2.Nf3 Nc6 3.Bc4 Bc5 4.d3 d6 5.Ng5 Nh6 6.Qh5 O-O 7.Bxf7+ Rxf7 8.
Nxf7 Nxf7 9.O-O Nd4 10.Nc3 Nxc2 11.Rb1 Be6 12.a3 c6 13.b4 Bb6 14.a4 Nd4 
15.a5 Bc7 16.f4 exf4 17.Bxf4 Qd7 18.Be3 Bg4 19.Qh4 Ne2+ 20.Nxe2 Bxe2 21.
Rf2 Bxd3 22.Rd1 Bb5 23.Rf3 Bd8 24.Qf2 Qe6 25.Bd4 Be7 26.Qg3 Ne5 27.Rf5 Bf6
28.Rd2 Qc4 29.Rdf2 Qc1+ 30.Rf1 Bxf1 31.Rxf1 Qh6 32.Be3 Qg6 33.Qh3 Qxe4 34.
Qe6+ Kh8 35.Rxf6 Qxe3+ 36.Kf1 Qc1+ 37.Ke2 gxf6 38.Qxf6+ Kg8 39.Qe6+ Nf7 
0-1

[Event "WA State Championship"]
[Site "Legacy House, South Perth"]
[Date "2006.07.31"]
[Round "5"]
[White "Vahala, K"]
[Black "Gilmetdinov, E"]
[Result "0-1"]
[WhiteElo "891"]
[BlackElo "1300"]
[ECO "D04"]
[EventDate "2006.07.02"]
[TimeControl "5400+60"]

1.d4 d5 2.Nf3 Nf6 3.e3 c6 4.Bd3 Bg4 5.Nbd2 Nbd7 6.O-O e6 7.h3 Bh5 8.c3 Be7
9.Re1 Bg6 10.e4 O-O 11.Ne5 Nxe5 12.dxe5 Nd7 13.Nf3 Nc5 14.Bc2 Nxe4 15.Bxe4
dxe4 16.Nd4 Qc7 17.Bf4 Rfd8 18.Qg4 h5 19.Qg3 b5 20.a3 Kh7 21.b4 a5 22.f3 
axb4 23.axb4 Rxa1 24.Rxa1 Bxb4 25.Nxb5 Bc5+ 26.Nd4 Rxd4 27.Be3 Rd5 28.Bxc5
Rxc5 29.f4 Qb6 30.Kh2 Qb2 31.Ra8 Rxc3 32.Qg5 Re3 33.Qe7 Bf5 34.Qh4 Rxh3+ 
0-1

[Event "WA State Championship"]
[Site "Legacy House, South Perth"]
[Date "2006.07.31"]
[Round "5"]
[White "Bailye, R"]
[Black "Williams, R"]
[Result "1-0"]
[WhiteElo "1143"]
[BlackElo "887"]
[ECO "C02"]
[EventDate "2006.07.02"]
[TimeControl "5400+60"]

1.e4 e6 2.d4 d5 3.e5 c5 4.c3 cxd4 5.cxd4 Nc6 6.Nf3 a6 7.Be2 Bb4+ 8.Nbd2 
Nh6 9.a3 Ba5 10.O-O Nf5 11.b4 Bb6 12.Nb3 O-O 13.Bg5 Qc7 14.Rc1 h6 15.Bf4 
Qe7 16.Qd3 Bd7 17.Rfd1 Na7 18.Nc5 Bb5 19.Qc2 Rac8 20.Bd3 Bxd3 21.Rxd3 Rc6 
22.Nd2 Nb5 23.Qb2 Rfc8 24.Nf1 Ba7 25.Ne3 b6 26.Nxf5 exf5 27.Nb3 g5 28.Bd2 
f6 29.Rxc6 Rxc6 30.Re3 Re6 31.a4 Nc7 32.Bc3 f4 33.Re1 f5 34.Qc2 Qf7 35.Nd2
b5 36.h3 bxa4 37.Qxa4 Nb5 38.Bb2 Nxd4 39.Nb3 Nb5 40.Rc1 g4 41.hxg4 fxg4 
42.Nc5 Bxc5 43.Rxc5 Nc7 44.Qa5 Re7 45.Rc6 Qf5 46.Rxc7 Qb1+ 47.Bc1 Rxc7 48.
Qxc7 Qxb4 49.Qc8+ Kg7 50.Qxg4+ Kf8 51.Qxf4+ Qxf4 52.Bxf4 a5 53.Bxh6+ Kf7 
54.f4 Ke6 55.Bf8 d4 56.Kf2 Kd5 57.Ke2 Ke4 58.e6 d3+ 59.Kd2 1-0

[Event "WA State Championship"]
[Site "Legacy House, South Perth"]
[Date "2006.07.31"]
[Round "5"]
[White "Williams, Verity"]
[Black "Laugery, B"]
[Result "1/2-1/2"]
[WhiteElo "634"]
[BlackElo "1264"]
[ECO "D02"]
[EventDate "2006.07.02"]
[TimeControl "5400+60"]

1.d4 d5 2.Nf3 Nf6 3.g3 e6 4.Bg2 Be7 5.O-O O-O 6.b3 Nbd7 7.Nbd2 h6 8.c4 c6 
9.Bb2 Re8 10.Ne5 Nxe5 11.dxe5 Nd7 12.e3 f5 13.exf6 Bxf6 14.Bxf6 Nxf6 15.
Re1 e5 16.cxd5 cxd5 17.b4 Bf5 18.f3 Bg6 19.Bh3 Qb6 20.Qb3 Bf7 21.Rac1 d4 
22.Nc4 Qd8 23.exd4 b5 24.Qd1 Bxc4 25.dxe5 Qb6+ 26.Kh1 Rad8 27.Qc2 Bd3 28.
Qb3+ Nd5 29.Qxd3 Ne7 30.Qe3 Qxe3 31.Rxe3 Nd5 32.Re4 Nb6 33.e6 Re7 34.f4 
Rd2 35.Bf1 Rxa2 36.Bxb5 a6 37.Rc6 axb5 38.Rxb6 Rc7 39.Rb8+ Kh7 40.Re1 Rcc2
41.Kg1 Rg2+ 42.Kh1 Rxh2+ 43.Kg1 Rhg2+ 44.Kf1 Rgf2+ 45.Kg1 Rg2+ 1/2-1/2

[Event "WA State Championship"]
[Site "Legacy House, South Perth"]
[Date "2006.08.06"]
[Round "6"]
[White "Barber, H"]
[Black "Boyd, T"]
[Result "1-0"]
[WhiteElo "2142"]
[BlackElo "2247"]
[ECO "B25"]
[EventDate "2006.07.02"]
[TimeControl "5400+60"]

1.e4 c5 2.Nc3 Nc6 3.g3 g6 4.Bg2 Bg7 5.d3 d6 6.f4 e6 7.Nf3 Nge7 8.O-O O-O 
9.Be3 b6 10.d4 d5 11.exd5 Nf5 12.Bf2 Ncxd4 13.Ne5 exd5 14.Nxd5 Bb7 15.Nf6+
Qxf6 16.Bxb7 Rad8 17.c3 Qe7 18.Bg2 Bxe5 19.fxe5 Nc6 20.Qe2 Qxe5 21.Qb5 Nb8
22.g4 Nd6 23.Qa4 a6 24.Rae1 Qg7 25.Bg3 b5 26.Qa3 Nc4 27.Qxc5 Nxb2 28.Re7 
Na4 29.Qa7 1-0

[Event "WA State Championship"]
[Site "Legacy House, South Perth"]
[Date "2006.08.06"]
[Round "6"]
[White "Haasse, A"]
[Black "Dix, P"]
[Result "1-0"]
[WhiteElo "2057"]
[BlackElo "1803"]
[ECO "B03"]
[EventDate "2006.07.02"]
[TimeControl "5400+60"]

1.e4 Nf6 2.e5 Nd5 3.d4 d6 4.c4 Nb6 5.exd6 exd6 6.Nf3 Be7 7.Be2 O-O 8.O-O 
Bg4 9.h3 Bxf3 10.Bxf3 Nc6 11.b3 Bf6 12.Bb2 Re8 13.Na3 d5 14.c5 Nd7 15.Rc1 
Nf8 16.Nc2 a5 17.Ne3 Ne6 18.Bxd5 Nexd4 19.Rc4 Nf3+ 20.Qxf3 Bxb2 21.Bxf7+ 
Kh8 22.Bxe8 Qxe8 23.Re4 Qg6 24.Qf5 Bd4 25.Qxg6 hxg6 26.Nd5 Rc8 27.Rh4+ Kg8
28.Rxd4 1-0

[Event "WA State Championship"]
[Site "Legacy House, South Perth"]
[Date "2006.08.06"]
[Round "6"]
[White "Kueh, M"]
[Black "Leonhardt, W"]
[Result "1-0"]
[WhiteElo "1868"]
[BlackElo "1934"]
[ECO "C30"]
[EventDate "2006.07.02"]
[TimeControl "5400+60"]

1.f4 e5 2.e4 d6 3.Bc4 Nc6 4.d3 Nf6 5.Nc3 Be7 6.Nf3 exf4 7.Bxf4 Bg4 8.Qd2 
a6 9.O-O Na5 10.Rae1 Nxc4 11.dxc4 O-O 12.Nd5 Nxd5 13.cxd5 f6 14.Nd4 Qd7 
15.h3 Bh5 16.Nf5 Rae8 17.Bh6 Rf7 18.Be3 Bd8 19.Bd4 Bg6 20.g4 c5 21.Bf2 Bc7
22.b3 b5 23.Bg3 Qd8 24.c3 Rd7 25.Rf2 c4 26.Kh2 Bb6 27.Rfe2 cxb3 28.axb3 
Qc7 29.Qd3 Rc8 30.Rc1 Be8 31.Ra2 g6 32.Nd4 Qb7 33.Rca1 Rdc7 34.Be1 a5 35.
Ne6 Re7 36.Bg3 Qd7 37.Rf1 Rf7 38.Bh4 g5 39.Bf2 Bd8 40.Bd4 a4 41.b4 Rc4 42.
Raf2 Be7 43.Bxf6 Bxf6 44.Rxf6 a3 45.Rxf7 Bxf7 46.Nxg5 a2 47.Qd2 Bg6 48.Ne6
Rc8 49.Qxa2 1-0

[Event "WA State Championship"]
[Site "Legacy House, South Perth"]
[Date "2006.08.06"]
[Round "6"]
[White "Hare, T"]
[Black "Hessing, R"]
[Result "1/2-1/2"]
[WhiteElo "2067"]
[BlackElo "1607"]
[ECO "A21"]
[EventDate "2006.07.02"]
[TimeControl "5400+60"]

1.g3 f5 2.c4 Nf6 3.Bg2 e5 4.Nc3 Bb4 5.Nh3 O-O 6.Qb3 Bxc3 7.bxc3 Nc6 8.d3 
d6 9.a4 Qe8 10.a5 Rb8 11.Qc2 Bd7 12.a6 b6 13.Ng1 Qg6 14.e3 Na5 15.Ne2 Bc6 
16.Bxc6 Nxc6 1/2-1/2

[Event "WA State Championship"]
[Site "Legacy House, South Perth"]
[Date "2006.08.06"]
[Round "6"]
[White "Haselgrove, M"]
[Black "Fedec, J"]
[Result "0-1"]
[WhiteElo "1751"]
[BlackElo "1825"]
[ECO "B50"]
[EventDate "2006.07.02"]
[TimeControl "5400+60"]

1.e4 c5 2.Nf3 d6 3.c3 Nf6 4.Be2 Nc6 5.d3 g6 6.O-O Bg7 7.h3 O-O 8.Be3 Bd7 
9.Nbd2 Rc8 10.a3 Qc7 11.d4 b6 12.b4 cxd4 13.cxd4 e6 14.Rc1 Qb7 15.Bd3 Rfe8
16.Nc4 Bf8 17.Bg5 Kg7 18.Qd2 Ng8 19.Bf4 Qb8 20.Qb2 f6 21.e5 fxe5 22.dxe5 
d5 23.Nd6 Rcd8 24.Nxe8+ Rxe8 25.Bb5 Nge7 26.Bg5 Qb7 27.Bf6+ Kg8 28.Rc2 Rc8
29.Rfc1 a6 30.Bxc6 Nxc6 31.Nd4 Bh6 32.Nxc6 Bxc6 33.Rd1 Ba4 34.Rxc8+ Qxc8 
35.Rd3 Bb5 36.Rc3 Bc4 37.Qe2 b5 38.Qd1 a5 39.Qd4 Qc7 40.g4 Bf8 41.bxa5 
Qxa5 42.Rf3 Bxa3 43.Qf4 Qe1+ 44.Kh2 Bc1 45.Qg3 d4 46.Be7 Bd5 47.Rf8+ Kg7 
48.Qg1 Qxg1+ 49.Kxg1 d3 0-1

[Event "WA State Championship"]
[Site "Legacy House, South Perth"]
[Date "2006.08.06"]
[Round "6"]
[White "Tomic, N"]
[Black "Holland, D"]
[Result "0-1"]
[WhiteElo "1665"]
[BlackElo "1739"]
[ECO "C00"]
[EventDate "2006.07.02"]
[TimeControl "5400+60"]

1.e4 e6 2.c4 d5 3.e5 c5 4.Nf3 Nc6 5.Nc3 Nge7 6.Bd3 Ng6 7.Bxg6 hxg6 8.O-O 
g5 9.g4 f5 10.Qc2 d4 11.gxf5 d3 12.Qd1 exf5 13.Kg2 g4 14.Ne1 Qh4 15.Rh1 
Qh3+ 16.Kg1 Nd4 17.Ng2 Nf3+ 18.Kf1 Nxh2+ 19.Rxh2 Qxh2 20.Ne2 dxe2+ 21.Kxe2
Qxg2 22.Qb3 Rh3 23.d3 Qf3+ 24.Kd2 Qxf2+ 25.Kc3 Rh2 26.Qd1 Qd4+ 27.Kb3 Be6 
28.Bg5 Qxb2+ 0-1

[Event "WA State Championship"]
[Site "Legacy House, South Perth"]
[Date "2006.08.06"]
[Round "6"]
[White "Humphries, R"]
[Black "Pavlovic, M"]
[Result "0-1"]
[WhiteElo "1429"]
[BlackElo "1697"]
[ECO "B18"]
[EventDate "2006.07.02"]
[TimeControl "5400+60"]

1.e4 c6 2.d4 d5 3.Nc3 dxe4 4.Nxe4 Bf5 5.Ng3 Bg6 6.N1e2 h6 7.Nf4 Bh7 8.Bc4 
Nf6 9.O-O e6 10.Re1 Nd5 11.c3 Be7 12.Ngh5 Rg8 13.Qe2 Qd6 14.Nxd5 cxd5 15.
Bb5+ Nc6 16.Bf4 Qd7 17.Bg3 Bd6 18.Bxd6 Qxd6 19.Qg4 O-O-O 20.Qg3 Qxg3 21.
Nxg3 g5 22.Rac1 Rd6 23.b3 a6 24.Bxc6 Rxc6 25.c4 dxc4 26.bxc4 Bd3 27.c5 Rd8
28.Red1 Bg6 29.f3 b6 30.cxb6 Rxc1 31.Rxc1+ Kb7 32.Rc4 Kxb6 33.Rb4+ Kc6 34.
Kf2 a5 35.Rc4+ Kb5 36.Rc5+ Kb4 37.Ke3 Rd5 38.Rc8 h5 39.Ne2 e5 40.dxe5 
Rxe5+ 41.Kd2 Rd5+ 42.Kc1 Rc5+ 43.Rxc5 Kxc5 44.Kb2 Bd3 45.Ng3 h4 46.Nh5 Bf1
47.g3 Be2 48.gxh4 Bxf3 49.Nf6 gxh4 50.Kc3 Bc6 51.a3 Kd6 52.Kd4 Ke6 53.Nh5 
a4 54.Ke3 Kf5 55.h3 Bd7 56.Nf4 Ke5 57.Ng2 Bxh3 58.Nxh4 Kd5 59.Kd3 Bf1+ 60.
Kc3 Ke4 0-1

[Event "WA State Championship"]
[Site "Legacy House, South Perth"]
[Date "2006.08.06"]
[Round "6"]
[White "Shaw, R"]
[Black "O'Shaughnessy, D"]
[Result "1-0"]
[WhiteElo "1711"]
[BlackElo "1371"]
[ECO "A18"]
[EventDate "2006.07.02"]
[TimeControl "5400+60"]

1.c4 Nf6 2.Nc3 e6 3.e4 d5 4.e5 Nfd7 5.d4 c5 6.cxd5 exd5 7.Nf3 cxd4 8.Qxd4 
Bc5 9.Qxd5 Qb6 10.Bc4 O-O 11.O-O Nc6 12.e6 fxe6 13.Qxe6+ Kh8 14.Nd5 Nf6 
15.Nxb6 Bxe6 16.Bxe6 axb6 17.Bd2 Ne4 18.Be3 Bxe3 19.fxe3 Rfe8 20.Bd5 Nc5 
21.Rae1 Nd3 22.Re2 Nf4 23.Rd2 Nxd5 24.Rxd5 Rxe3 25.a3 Ra5 26.Rd7 Re7 27.
Rxe7 Nxe7 28.Re1 Ng8 29.Rd1 Rc5 30.Rd7 Rc1+ 31.Kf2 Rc2+ 32.Rd2 Rxd2+ 33.
Nxd2 Nf6 34.Ke2 Kg8 35.Kd3 Kf7 36.Kc4 Ng4 37.Kb5 Nxh2 38.Kxb6 1-0

[Event "WA State Championship"]
[Site "Legacy House, South Perth"]
[Date "2006.08.06"]
[Round "6"]
[White "Klimczak, J"]
[Black "Jahangirian, M"]
[Result "0-1"]
[WhiteElo "1379"]
[BlackElo "1679"]
[ECO "B33"]
[EventDate "2006.07.02"]
[TimeControl "5400+60"]

1.e4 c5 2.Nf3 Nc6 3.d4 cxd4 4.Nxd4 Nf6 5.Nc3 a6 6.Bc4 e6 7.O-O Be7 8.Nxc6 
bxc6 9.Be3 d5 10.exd5 exd5 11.Be2 O-O 12.Qd2 Bd6 13.f4 Bf5 14.Bf3 Re8 15.
h3 Qa5 16.a3 Rxe3 17.b4 Qb6 18.Na4 Qa7 19.Kh1 Ne4 20.Bxe4 Bxe4 21.Nc3 
Rxh3# 0-1

[Event "WA State Championship"]
[Site "Legacy House, South Perth"]
[Date "2006.08.06"]
[Round "6"]
[White "Slack-Smith, B"]
[Black "Saxon, M"]
[Result "0-1"]
[WhiteElo "1309"]
[BlackElo "1702"]
[ECO "B06"]
[EventDate "2006.07.02"]
[TimeControl "5400+60"]

1.e4 d6 2.f4 g6 3.Bc4 Nf6 4.Nc3 Nc6 5.h3 e5 6.Nf3 Nh5 7.Ne2 Bh6 8.O-O Nxf4
9.Nxf4 Bxf4 10.d4 Bxc1 11.Rxc1 O-O 12.dxe5 Nxe5 13.Nxe5 dxe5 14.Qxd8 Rxd8 
15.Bxf7+ Kh8 16.Rcd1 Bd7 17.Kf2 Bb5 18.Rxd8+ Rxd8 19.c4 Rf8 20.Ke2 Bd7 21.
Ke1 Kg7 22.Bd5 Rxf1+ 23.Kxf1 c6 24.Kf2 cxd5 25.cxd5 g5 26.Ke3 a5 27.a3 h5 
28.Kf2 Kf6 29.Ke3 Ke7 30.Kd2 Kd6 31.b3 Bb5 32.Ke3 Bf1 33.Kf2 Bd3 34.Ke3 
Bc2 35.b4 a4 36.g3 b5 37.g4 hxg4 38.hxg4 Bd1 39.Kf2 Bxg4 40.Kg3 Bd1 0-1

[Event "WA State Championship"]
[Site "Legacy House, South Perth"]
[Date "2006.08.06"]
[Round "6"]
[White "Whitehead, P"]
[Black "Jones, N"]
[Result "1-0"]
[WhiteElo "1582"]
[BlackElo "1362"]
[ECO "D10"]
[EventDate "2006.07.02"]
[TimeControl "5400+60"]

1.d4 d5 2.c4 c6 3.Nc3 Nf6 4.Bf4 Bf5 5.e3 e6 6.Nf3 Nbd7 7.Qb3 Nb6 8.Rc1 
dxc4 9.Bxc4 Nxc4 10.Qxc4 h6 11.O-O Bd6 12.Bxd6 Qxd6 13.Rfe1 O-O 14.e4 b5 
15.Qb3 b4 16.e5 Qb8 17.exf6 bxc3 18.Qxc3 gxf6 19.d5 cxd5 20.Qxf6 Kh7 21.
Re3 Qd8 22.Qxd8 Rfxd8 23.Rc7 d4 24.Ra3 d3 25.Nd2 Rdc8 26.Rac3 Rxc7 27.Rxc7
Kg6 28.h3 Kf6 29.g4 Bg6 30.f4 Rb8 31.b3 a5 32.Rc4 Ke7 33.Kf2 Kd6 34.Ke3 
Rb4 35.h4 Kd5 36.Rc8 h5 37.gxh5 Bxh5 38.Rh8 Bg6 39.h5 Bf5 40.h6 Kc5 41.h7 
1-0

[Event "WA State Championship"]
[Site "Legacy House, South Perth"]
[Date "2006.08.06"]
[Round "6"]
[White "Balaji, S"]
[Black "Johnstone, R"]
[Result "1/2-1/2"]
[WhiteElo "1134"]
[BlackElo "1666"]
[ECO "D08"]
[EventDate "2006.07.02"]
[TimeControl "5400+60"]

1.d4 d5 2.c4 e5 3.dxe5 d4 4.Nf3 c5 5.e3 Nc6 6.Bd2 dxe3 7.Bxe3 Qxd1+ 8.Kxd1
Bg4 9.Nd2 Nxe5 10.Be2 Nxf3 11.Bxf3 Bxf3+ 12.Nxf3 Nf6 13.Ke2 Be7 14.h3 O-O 
15.Rhd1 Rad8 16.Kf1 b6 17.b3 Ne4 18.Ke1 Bf6 19.Rac1 Nc3 20.Rxd8 Rxd8 21.a3
Ne4 22.Rd1 Rxd1+ 23.Kxd1 Kf8 24.Kc2 h6 25.Nd2 Nxd2 26.Bxd2 Bd4 27.f3 Ke7 
28.Bc3 Bxc3 29.Kxc3 Ke6 30.Kd3 Kf5 1/2-1/2

[Event "WA State Championship"]
[Site "Legacy House, South Perth"]
[Date "2006.08.06"]
[Round "6"]
[White "Bailye, R"]
[Black "Deheer, A"]
[Result "0-1"]
[WhiteElo "1143"]
[BlackElo "1530"]
[ECO "C44"]
[EventDate "2006.07.02"]
[TimeControl "5400+60"]

1.e4 e5 2.Nf3 Nc6 3.c3 Nf6 4.d3 Be7 5.Bg5 h6 6.Bh4 d6 7.h3 Nh5 8.Bxe7 Qxe7
9.Nbd2 Bd7 10.d4 Qf6 11.Nh2 Nf4 12.Ng4 Bxg4 13.hxg4 exd4 14.g3 dxc3 15.g5 
cxd2+ 16.Qxd2 Qe5 17.gxf4 Qxe4+ 18.Qe2 Qxe2+ 19.Bxe2 Nd4 20.Rc1 Nxe2 21.
Kxe2 O-O-O 22.Kf3 h5 23.Kg3 g6 24.Rhe1 Rhe8 25.Re3 Rxe3+ 26.fxe3 Re8 27.
Kf3 d5 28.Rd1 c6 29.b4 Re4 30.a3 a6 31.Rd3 Kd7 32.Kg3 Ke6 33.Kf3 Kf5 34.
Kg3 Rc4 35.Rb3 Ke4 36.a4 d4 37.exd4 Rxd4 38.Rb1 Rd3+ 39.Kg2 Kxf4 40.b5 
cxb5 41.axb5 a5 42.Ra1 Rg3+ 43.Kf2 Rxg5 44.Rxa5 Rc5 45.Ra4+ Kf5 46.Ra3 
Rxb5 47.Rf3+ Ke6 48.Re3+ Re5 49.Rb3 b5 50.Kg3 g5 51.Kf3 f5 52.Kg3 f4+ 53.
Kf2 Rc5 54.Rb4 Ke5 55.Rb1 g4 56.Re1+ Kd4 57.Rd1+ Ke4 58.Re1+ Kd3 59.Rd1+ 
Kc2 60.Rd4 f3 61.Kg3 Rf5 62.Re4 Kd3 63.Re1 Kd2 64.Rf1 f2 65.Rxf2+ Rxf2 66.
Kxf2 b4 0-1

[Event "WA State Championship"]
[Site "Legacy House, South Perth"]
[Date "2006.08.06"]
[Round "6"]
[White "Sam, R"]
[Black "Garcia, M"]
[Result "0-1"]
[WhiteElo "1091"]
[BlackElo "1480"]
[ECO "B30"]
[EventDate "2006.07.02"]
[TimeControl "5400+60"]

1.e4 c5 2.Nf3 Nc6 3.Bc4 d6 4.Nc3 Nf6 5.d3 g6 6.Be3 Bg7 7.Qd2 O-O 8.Bh6 a6 
9.Bxg7 Kxg7 10.Nd5 b5 11.Bb3 e6 12.Nxf6 Qxf6 13.c3 Bb7 14.h4 Ne5 15.Nxe5 
dxe5 16.O-O-O Rfd8 17.Qe3 Rac8 18.h5 g5 19.g4 h6 20.a4 Qe7 21.axb5 axb5 
22.Kc2 f5 23.Rhg1 c4 24.Ba2 cxd3+ 25.Kb1 f4 26.Qf3 b4 27.Rxd3 bxc3 28.Rxc3
Rxc3 29.bxc3 Qa3 30.Bxe6 Rd2 31.Rd1 Qb2# 0-1

[Event "WA State Championship"]
[Site "Legacy House, South Perth"]
[Date "2006.08.06"]
[Round "6"]
[White "Sainsbury, G"]
[Black "Williams, R"]
[Result "1/2-1/2"]
[WhiteElo "1242"]
[BlackElo "887"]
[ECO "D05"]
[EventDate "2006.07.02"]
[TimeControl "5400+60"]

1.d4 d5 2.Nf3 e6 3.e3 Nf6 4.Bd3 c5 5.c3 c4 6.Bc2 Bd6 7.Nbd2 O-O 8.O-O Nc6 
9.Qe2 b6 10.e4 dxe4 11.Nxe4 h6 12.Nxf6+ Qxf6 13.Qe4 Qf5 14.Qxc6 Qd5 15.
Qxd5 exd5 16.Re1 Bg4 17.Ne5 Rae8 18.Bf4 Bh5 19.Bd1 Bxe5 20.dxe5 Bg6 21.Bf3
Rd8 22.Rad1 Be4 23.Bxe4 dxe4 24.Rxd8 Rxd8 25.Be3 Rd3 26.f3 exf3 27.gxf3 
Kf8 28.Kf2 Ke7 29.Ke2 Ke6 30.f4 f6 31.exf6 Kxf6 32.Bd4+ Kf7 33.b3 b5 34.
Rg1 g6 35.Rf1 Ke6 36.bxc4 bxc4 37.Bxa7 Rxc3 38.Kd2 Ra3 39.Bg1 Rxa2+ 40.Kc3
Ra4 41.Re1+ Kf5 42.Be3 Ke4 43.Bd2+ Kf3 44.Rg1 Ke2 45.Rxg6 Ra2 46.Rxh6 Rxd2
47.Kxc4 Ke3 48.f5 Ke4 49.Rh5 Rf2 50.Rh4+ Kxf5 51.Kd5 Rg2 52.h3 Kg6 53.Ke4 
Kg5 54.Rh8 Rf2 55.Ke3 Rf6 56.h4+ Kg4 57.h5 Kg5 58.Ke4 Rh6 1/2-1/2

[Event "WA State Championship"]
[Site "Legacy House, South Perth"]
[Date "2006.08.06"]
[Round "6"]
[White "Markou, V"]
[Black "Williams, Verity"]
[Result "1-0"]
[WhiteElo "1426"]
[BlackElo "634"]
[ECO "C00"]
[EventDate "2006.07.02"]
[TimeControl "5400+60"]

1.e4 e6 2.d3 g6 3.Nd2 Bg7 4.Ngf3 Nf6 5.e5 Nd5 6.d4 d6 7.exd6 cxd6 8.c3 O-O
9.g3 e5 10.dxe5 dxe5 11.Bg2 Nc6 12.O-O Re8 13.Re1 Nf6 14.Qc2 Bf5 15.Qb3 
Rb8 16.Ng5 Re7 17.Nde4 h6 18.Nxf6+ Bxf6 19.Ne4 Bg7 20.Be3 Na5 21.Qa4 b6 
22.Rad1 Rd7 23.Bxh6 b5 24.Rxd7 Qxd7 25.Qxa5 Bxe4 26.Bxg7 Bxg2 27.Bxe5 Re8 
28.Kxg2 Qd5+ 29.Kg1 Rxe5 30.Rxe5 Qxe5 31.Qd8+ Kg7 32.Qd4 Qxd4 33.cxd4 Kf6 
34.Kf1 Ke6 35.Ke2 Kd5 36.Kd3 f6 37.f4 f5 38.h3 Ke6 39.g4 Kf6 40.d5 Ke7 41.
Kd4 fxg4 42.hxg4 Kd6 43.f5 gxf5 44.gxf5 Ke7 45.Ke5 Kd7 46.f6 Ke8 47.Ke6 
Kf8 48.f7 1-0

[Event "WA State Championship"]
[Site "Legacy House, South Perth"]
[Date "2006.08.06"]
[Round "6"]
[White "Laugery, B"]
[Black "Williams, W"]
[Result "1-0"]
[WhiteElo "1264"]
[BlackElo "640"]
[ECO "C60"]
[EventDate "2006.07.02"]
[TimeControl "5400+60"]

1.e4 e5 2.Nf3 Nc6 3.Bb5 Bd6 4.O-O a6 5.Ba4 b5 6.Bb3 Nf6 7.d3 O-O 8.h3 Bb7 
9.Bg5 Na5 10.Nbd2 h6 11.Bh4 Be7 12.Bg3 Nxb3 13.axb3 d5 14.exd5 Qxd5 15.Re1
Bd6 16.Nf1 Qe6 17.N1h2 Nh5 18.Nf1 Nxg3 19.Nxg3 Qf6 20.Ne4 Qf4 21.Qd2 Qxd2 
22.Nfxd2 Bxe4 23.Nxe4 Bc5 24.Nxc5 Rfe8 25.f3 a5 26.Kf2 f6 27.Re2 Kf7 28.
Ne4 Re6 29.Rae1 a4 30.bxa4 Rxa4 31.Nc5 Ra2 32.Nxe6 Kxe6 33.b3 1-0

[Event "WA State Championship"]
[Site "Legacy House, South Perth"]
[Date "2006.08.13"]
[Round "7"]
[White "Boyd, T"]
[Black "Kueh, M"]
[Result "1/2-1/2"]
[WhiteElo "2247"]
[BlackElo "1868"]
[ECO "D00"]
[EventDate "2006.07.02"]
[TimeControl "5400+60"]

1.d4 f5 2.Nc3 d5 3.e4 dxe4 4.Bf4 Nf6 5.f3 e6 6.fxe4 fxe4 7.Bc4 Bb4 8.Ne2 
Nc6 9.O-O Na5 10.Bb3 Nxb3 11.axb3 O-O 12.Bg5 Be7 13.Qd2 Bd7 14.Bxf6 Bxf6 
15.Nxe4 Bc6 16.Nxf6+ Rxf6 17.Rxf6 Qxf6 18.Rf1 Qe7 19.Qe3 Re8 20.Qe5 Qd6 
21.Nf4 Qxe5 22.dxe5 Re7 23.b4 a6 24.h4 Ba4 25.Rf2 Bb5 26.b3 Bc6 27.Kf1 Bd7
28.Ke2 Rf7 29.g4 Kf8 30.Ke3 Ke7 31.Nh3 Rxf2 32.Nxf2 Be8 33.h5 h6 34.Kf4 
Bc6 35.g5 hxg5+ 36.Kxg5 Bf3 37.c3 Kf7 38.h6 1/2-1/2

[Event "WA State Championship"]
[Site "Legacy House, South Perth"]
[Date "2006.08.13"]
[Round "7"]
[White "Fedec, J"]
[Black "Barber, H"]
[Result "0-1"]
[WhiteElo "1825"]
[BlackElo "2142"]
[ECO "B89"]
[EventDate "2006.07.02"]
[TimeControl "5400+60"]

1.e4 c5 2.Nf3 Nc6 3.d4 cxd4 4.Nxd4 Nf6 5.Nc3 d6 6.Bc4 e6 7.Be3 a6 8.Bb3 
Qc7 9.O-O Be7 10.f4 O-O 11.Qf3 Bd7 12.Rad1 b5 13.a3 Nxd4 14.Rxd4 Bc6 15.f5
e5 16.Rd5 Rac8 17.g4 Bxd5 18.Bxd5 Qd8 19.Bb3 h6 20.g5 hxg5 21.Bxg5 Rxc3 
22.bxc3 Nh7 23.Bxe7 Qxe7 24.Kh1 Qh4 25.Bd5 Nf6 26.Bb7 a5 27.Rg1 Rb8 28.Qg2
Qh6 29.Ba6 Rb6 30.Bc8 Rc6 31.Bb7 Rxc3 32.Rd1 Rxa3 33.Qe2 Qe3 34.Qxe3 Rxe3 
35.Rxd6 Re1+ 36.Kg2 Re2+ 37.Kf3 Rxc2 38.Ra6 a4 39.Ra5 Rb2 40.Bc6 Rb3+ 41.
Kg2 a3 42.Bxb5 Nxe4 43.Bc4 Rb2+ 44.Kh3 Nd6 45.Bd5 Rd2 46.f6 gxf6 47.Bc6 a2
0-1

[Event "WA State Championship"]
[Site "Legacy House, South Perth"]
[Date "2006.08.13"]
[Round "7"]
[White "Haasse, A"]
[Black "Holland, D"]
[Result "0-1"]
[WhiteElo "2057"]
[BlackElo "1739"]
[ECO "C00"]
[EventDate "2006.07.02"]
[TimeControl "5400+60"]

1.e4 e6 2.g3 d5 3.exd5 exd5 4.Bg2 c6 5.d4 Bd6 6.Nf3 Ne7 7.O-O O-O 8.Ne5 f6
9.Nd3 Qb6 10.c3 Bf5 11.Re1 Ng6 12.b4 a5 13.b5 Qxb5 14.Bf1 Qb6 15.Ba3 Bxa3 
16.Nxa3 Na6 17.Rb1 Qc7 18.Qb3 Qd6 19.Nc2 b5 20.a4 b4 21.Ne3 Be4 22.f3 Bxd3
23.Bxd3 bxc3 24.Nf5 Qd7 25.Qxc3 Nb4 26.Rbc1 Rab8 27.Bb1 Rb6 28.Qc5 Rfb8 
29.Qd6 Qxd6 30.Nxd6 Na6 31.Bd3 Nc7 32.Rc5 Rd8 33.Nf5 Rb3 34.Re3 Re8 35.
Rxe8+ Nxe8 36.Be2 Kf8 37.Rxa5 Ne7 38.Nxe7 Kxe7 39.Ra7+ Kd6 40.Kf2 Nc7 41.
a5 Ne6 42.Bd1 Ra3 43.h4 Nxd4 44.Rxg7 Ra2+ 45.Ke1 c5 46.Rxh7 c4 47.Rh8 Kc7 
48.Rf8 c3 49.Rf7+ Kd6 50.Rxf6+ Ke5 51.Rf8 c2 52.Bxc2 Nxc2+ 53.Kd2 Nd4+ 54.
Kc3 Ra3+ 55.Kb4 Rb3+ 56.Ka4 Rb1 57.f4+ Kd6 58.a6 Nc6 59.h5 d4 60.h6 d3 61.
Rf6+ Kd7 62.Rf5 Ra1+ 63.Kb3 Nd4+ 64.Kb2 Nxf5 65.h7 d2 66.h8=Q d1=Q 67.Qh7+
Ne7 68.Qh3+ Kc7 69.Qe6 Qc1+ 70.Kb3 Ra3+ 71.Kb4 Qc3+ 0-1

[Event "WA State Championship"]
[Site "Legacy House, South Perth"]
[Date "2006.08.13"]
[Round "7"]
[White "Pavlovic, M"]
[Black "Hare, T"]
[Result "0-1"]
[WhiteElo "1697"]
[BlackElo "2067"]
[ECO "A81"]
[EventDate "2006.07.02"]
[TimeControl "5400+60"]

1.d4 f5 2.g3 g6 3.Bg2 Bg7 4.Nf3 d6 5.c4 c6 6.O-O Nh6 7.Nc3 Nf7 8.e4 O-O 9.
d5 e5 10.dxe6 Bxe6 11.exf5 gxf5 12.Qe2 Re8 13.Qd3 Nd7 14.b3 Nde5 15.Qc2 
Nxf3+ 16.Bxf3 d5 17.cxd5 cxd5 18.Bb2 d4 19.Na4 Rc8 20.Qd2 b5 0-1

[Event "WA State Championship"]
[Site "Legacy House, South Perth"]
[Date "2006.08.13"]
[Round "7"]
[White "Johnstone, R"]
[Black "Leonhardt, W"]
[Result "1-0"]
[WhiteElo "1666"]
[BlackElo "1934"]
[ECO "B90"]
[EventDate "2006.07.02"]
[TimeControl "5400+60"]

1.e4 c5 2.Nf3 d6 3.d4 cxd4 4.Nxd4 Nf6 5.Nc3 a6 6.Bc4 e5 7.Nde2 h6 8.O-O b5
9.Bd5 Nxd5 10.Nxd5 Bb7 11.Be3 Nd7 12.f4 Rc8 13.c3 Be7 14.fxe5 dxe5 15.Ng3 
g6 16.Qd2 Bg5 17.Rad1 Bxe3+ 18.Qxe3 Qg5 19.Qa7 Bxd5 20.exd5 f5 21.Qxa6 Rd8
22.Qe6+ Kf8 23.Nxf5 gxf5 24.Rxf5+ Qxf5 25.Qxf5+ Kg7 26.Rf1 Rh7 27.d6 Kh8 
28.Qe6 Rg8 29.Rf7 Rxf7 30.Qxf7 Rg7 31.Qe6 Kh7 32.b3 Kh8 33.a4 bxa4 34.bxa4
Nc5 35.Qc8+ 1-0

[Event "WA State Championship"]
[Site "Legacy House, South Perth"]
[Date "2006.08.13"]
[Round "7"]
[White "Dunlop, G"]
[Black "Tomic, N"]
[Result "1-0"]
[WhiteElo "1802"]
[BlackElo "1665"]
[ECO "A00"]
[EventDate "2006.07.02"]
[TimeControl "5400+60"]

1.g3 e5 2.Bg2 d5 3.d4 e4 4.c4 c6 5.Nc3 Bb4 6.e3 Nf6 7.Ne2 O-O 8.O-O Bg4 9.
Qc2 Qd7 10.Bd2 Qf5 11.Nf4 g5 12.h3 gxf4 13.hxg4 Nxg4 14.exf4 Qh5 15.Rfe1 
Bxc3 16.Qxc3 Nd7 17.f3 Qh2+ 18.Kf1 Ngf6 19.Kf2 exf3 20.Qxf3 Qh6 21.Rh1 Qg7
22.Rh4 Ne4+ 23.Ke3 f5 24.Rah1 Ndf6 25.Bh3 Nxd2 26.Kxd2 Ne4+ 27.Kd3 dxc4+ 
28.Kc2 Qxd4 29.Bxf5 Qd3+ 30.Qxd3 cxd3+ 31.Kxd3 Nc5+ 32.Kc2 Rxf5 33.Rxh7 
Raf8 34.b4 Ne4 35.Rh8+ Kf7 36.R8h7+ Ke6 37.Re1 Kd5 38.Rd7+ Ke6 39.Rxb7 
R5f7 40.Rxe4+ Kf5 41.Rxf7+ Rxf7 42.Rc4 Rf6 43.Kb3 Kg4 44.Rc3 Kf5 45.Ka4 
Ke4 46.Ka5 Kd4 47.Rc5 Rg6 48.Rg5 Rd6 49.a4 Ke4 50.Rg7 Kd5 51.Rxa7 Rg6 52.
Rd7+ Kc4 53.Rc7 Kd5 54.b5 cxb5 55.axb5 Rxg3 56.Kb6 Rb3 57.f5 Rf3 58.Rc5+ 
Kd6 59.f6 Kd7 60.f7 Kd8 61.Rc7 Rf5 62.Rb7 Kc8 63.Re7 Rf6+ 64.Ka5 1-0